 Dungeon Crawl Stone Soup version 0.30.1-4-g462c640d31 (webtiles) character file.

Game seed: 2111393852285718571

694 Babbit the Chopper (level 7, -5/61 HPs)
             Began as a Minotaur Fighter on Aug 21, 2023.
             Was an Initiate of Okawaru.
             Succumbed to Gadrel's ghost's poison
             ... on level 5 of the Dungeon.
             The game lasted 00:13:16 (3627 turns).

Babbit the Chopper (Minotaur Fighter)               Turns: 3627, Time: 00:13:17

Health: -5/61      AC: 12    Str: 22    XL:     7   Next: 37%
Magic:  6/6        EV:  6    Int:  5    God:    Okawaru [......]
Gold:   266        SH:  5    Dex: 10    Spells: 6/6 levels left

rFire   . . .        j - +0 war axe (flame)
rCold   + . .        c - +0 buckler
rNeg    . . .        n - +0 plate armour
rPois   .            (helmet restricted)
rElec   .            g - scarf {+Inv}
rCorr   .            (no gloves)
SInv    .            (no boots)
Will    .....        (no amulet) Stlth
                     u - ring of protection from cold
HPRegen 0.30/turn    s - ring of wizardry
MPRegen 0.10/turn

%: wizardry (x1)
@: lethally poisoned (-5 -> -29)
A: horns 2, retaliatory headbutt
a: Renounce Religion, Evoke Invisibility


You were on level 5 of the Dungeon.
You worshipped Okawaru.
Okawaru was noncommittal.
You visited 2 branches of the dungeon, and saw 6 of its levels.

You collected 266 gold pieces.

Inventory:

Hand Weapons
 j - a +0 war axe of flaming (weapon)
Missiles
 t - a boomerang of dispersal (quivered)
Armour
 c - a +0 buckler (worn)
 g - a scarf of invisibility (worn)
 n - a +0 plate armour (worn)
Jewellery
 s - a ring of wizardry (right hand)
 u - a ring of protection from cold (left hand)
Wands
 o - a wand of digging (5)
Scrolls
 h - a scroll of fear
 i - a scroll of brand weapon
 k - a scroll of noise {unknown}
 l - a scroll of enchant armour {unknown}
 q - a scroll of amnesia {unknown}
 v - a scroll of blinking {unknown}
Potions
 a - a potion of heal wounds
 b - a potion of degeneration {unknown}
 d - 2 potions of might
 e - a potion of brilliance {unknown}
 f - a potion of lignification {unknown}
 p - a potion of berserk rage {unknown}
 r - a potion of experience {unknown}
 w - a potion of flight {unknown}


   Skills:
 + Level 5.1 Fighting
 + Level 7.3 Axes
 + Level 5.6 Armour
 + Level 0.5 Dodging
 + Level 5.1 Shields


You had 6 spell levels left.
You didn't know any spells.
Your spell library contained the following spells:

 Spells                   Type           Power      Damage    Failure   Level
 Beastly Appendage        Tmut           0%         N/A       99%         1
 Kiss of Death            Conj/Necr      0%         2d5       99%         1
 Necrotise                Necr           0%         1d4       99%         1
 Cigotuvi's Dreadful Rot  Necr/Pois/Air  0%         N/A       99%         2
 Wereblood                Tmut           0%         N/A       99%         2
 Confusing Touch          Hex            0%         N/A       100%        3
 Ignite Poison            Fire/Tmut/Pois 0%         N/A       100%        3
 Portal Projectile        Hex/Tloc       0%         N/A       100%        3
 Spider Form              Tmut/Pois      0%         N/A       100%        3
 Vampiric Draining        Necr           0%         2d6       100%        3
 Dispel Undead            Necr           0%         3d6       100%        4
 Leda's Liquefaction      Hex/Erth       0%         N/A       100%        4
 Agony                    Necr           0%         N/A       100%        5
 Freezing Cloud           Conj/Ice/Air   0%         6-21      100%        5
 Call Canine Familiar     Summ           Unusable   N/A       N/A         3

Dungeon Overview and Level Annotations

Branches:
Dungeon (5/15)             Temple (1/1) D:5

Altars:
Ashenzari
Cheibriados
Elyvilon
Gozag
Hepliaklqana
Kikubaaqudgha
Makhleb
Okawaru
Qazlal
Trog
Vehumet
Wu Jian

Shops:
D:4 [   D:5 =

Annotations:
D:5 Gadrel's ghost, novice DgSu


Innate Abilities, Weirdness & Mutations

You have a pair of horns on your head.
You reflexively headbutt those who attack you in melee.


Message History

The orc warrior looks frightened!
* * * LOW HITPOINT WARNING * * *
You feel very sick. Gadrel's ghost completely misses you.
You feel sick.
The orc looks petrified.
There is an open translucent gate here.
You feel sick.
The orc priest moans, "Oh dear!
Oh dear!"
The orc priest gibbers meaninglessly.
Gadrel's ghost attacks as you move away!
Gadrel's ghost hits you but does no damage.
You are lethally poisoned!
* * * LOW HITPOINT WARNING * * *
You feel very sick.
You feel much better.
You feel sick. Gadrel's ghost hits you.
You are more poisoned.
You slash Gadrel's ghost! You burn Gadrel's ghost.
Your headbutt misses Gadrel's ghost.
Gadrel's ghost is moderately damaged.
* * * LOW HITPOINT WARNING * * *
You feel very sick. Gadrel's ghost hits you.
* * * LOW HITPOINT WARNING * * *
You are more poisoned.
The orc priest supplicates, "Please!
I have a lot of children!"
You slash Gadrel's ghost! You burn Gadrel's ghost.
Gadrel's ghost is heavily damaged.
* * * LOW HITPOINT WARNING * * *
You feel very sick. You block Gadrel's ghost's attack.
You hit Gadrel's ghost but do no damage.
Gadrel's ghost is heavily damaged.
* * * LOW HITPOINT WARNING * * *
You feel very sick.
Gadrel's ghost hits you but does no damage.
You are more poisoned.
You closely miss Gadrel's ghost. Your headbutt misses Gadrel's ghost.
Gadrel's ghost is heavily damaged.
You die...

##.............#.........<
#..............#..........
#..>...........'.......>..
#....###.......###......#.
#....# #.......# #......#.
###'############ #......#.
#.........# #......#.
#######..####.######.....)#.
#.....:...W@...........)<...
#8......)......8....#######.
#######))'######....# #.
#.....).......#....# ###.
#5o..#####....#....# #...
#.### ....###.#....# #...
#.#8 ..8..#8#.#....## #... #
............#.....# #...
8...)[_[....8#.....# #...


You could see Gadrel's ghost.

Vanquished Creatures
  An acid dragon (D:5)
  A black bear (D:4)
  A phantom (D:4)
  A scorpion (D:4)
  A hound (D:5)
  Jessica (D:3)
  Natasha (thrice) (D:3)
  3 iguanas
  An orc wizard (D:5)
  2 adders
  A white imp (D:5)
  An ufetubus (D:4)
  2 worms (D:2)
  21 orcs
  8 ball pythons
  5 endoplasms
  4 giant cockroaches
  5 goblins
  4 hobgoblins
  2 jackals (D:1)
  2 quokkas
  3 bats
  9 kobolds
  5 rats
87 creatures vanquished.

Notes
Turn   | Place    | Note
-------+----------+-------------------------------------------
     0 | D:1      | Babbit the Minotaur Fighter began the quest for the Orb.
     0 | D:1      | Reached XP level 1. HP: 19/19 MP: 0/0
   163 | D:1      | Reached XP level 2. HP: 27/27 MP: 1/1
   170 | D:1      | Reached skill level 3 in Axes
   395 | D:1      | Found a faded altar of an unknown god.
   592 | D:2      | Reached XP level 3. HP: 33/33 MP: 2/2
  1189 | D:3      | Noticed Natasha
  1202 | D:3      | Killed Natasha
  1203 | D:3      | Reached skill level 4 in Axes
  1203 | D:3      | Reached XP level 4. HP: 17/40 MP: 3/3
  1403 | D:3      | Noticed Natasha
  1412 | D:3      | Killed Natasha
  1424 | D:3      | Noticed Natasha
  1431 | D:3      | Killed Natasha
  1713 | D:3      | Noticed Jessica
  1719 | D:3      | Killed Jessica
  1720 | D:3      | Reached XP level 5. HP: 38/47 MP: 4/4
  2114 | D:4      | Noticed a phantom
  2125 | D:4      | Killed a phantom
  2126 | D:4      | Reached skill level 5 in Axes
  2188 | D:4      | Reached skill level 5 in Armour
  2188 | D:4      | Reached XP level 6. HP: 53/53 MP: 5/5
  2266 | D:4      | Reached skill level 6 in Axes
  2339 | D:4      | Found Zony's Armour Shop.
  2475 | D:4      | Found an ancient bone altar of Kikubaaqudgha.
  2495 | D:4      | Reached skill level 5 in Fighting
  2603 | D:4      | Found a bloodstained altar of Trog.
  3032 | D:5      | Entered Level 5 of the Dungeon
  3057 | D:5      | Found an opulent altar of Gozag.
  3069 | D:5      | Found a hazy altar of Hepliaklqana.
  3103 | D:5      | Found Puefess's Jewellery Boutique.
  3120 | D:5      | Reached XP level 7. HP: 59/61 MP: 6/6
  3180 | D:5      | Found a staircase to the Ecumenical Temple.
  3189 | Temple   | Entered the Ecumenical Temple
  3225 | Temple   | Became a worshipper of Warmaster Okawaru
  3322 | D:5      | Reached skill level 7 in Axes
  3356 | D:5      | Reached skill level 5 in Shields
  3594 | D:5      | Found a runed translucent gate.
  3594 | D:5      | Found a runed translucent gate.
  3597 | D:5      | Found a runed translucent gate.
  3597 | D:5      | Noticed Gadrel's ghost (novice DgSu)
  3598 | D:5      | Identified the +6 dagger "Xeififuh" {venom, *Slow rPois
                  | Dex+3}
  3626 | D:5      | HP: 1/61 [poisoned by Gadrel's ghost]
  3627 | D:5      | Succumbed to Gadrel's ghost's poison

Illustrated notes

Levels and vault maps discovered:
D:1:      dpeg_arrival_connections, layout_rooms,
          dreamdust_ecumenical_altar_hidden_monk_grotto
D:2:      layout_loops_cross
D:3:      layout_basic, grunt_ministairs_12, uniq_natasha, uniq_jessica
D:4:      layout_layer_cave, bloody_trog, kiku_gazebo_pond_becter, serial_shops,
          nicolae_shop_trees, dreamdust_mushroom_princess, st_stairs_2,
          eino_curves_01
D:5:      layout_basic, minitemple, minmay_temple_entry_arrows,
          biasface_ghost_orc_armoury, serial_shops, shop
Temple:   nicolae_temple_hex_pool

Skill      XL: |  1  2  3  4  5  6  7 |
---------------+----------------------+-----
Axes           | 3 4 5 6 7 |  7.3
Fighting       | 4 5 |  5.1
Armour         | 4 5 |  5.6
Shields        | 4 5 |  5.1
Dodging        | |  0.5

Action                     |  1- 3 |  4- 6 |  7- 9 || total
---------------------------+-------+-------+-------++-------
  Melee: War axe           |    68 |    87 |    44 ||   199
         Headbutt          |     6 |    13 |     7 ||    26
    Use: Scroll            |       |     4 |     2 ||     6
         Potion            |       |       |     4 ||     4
 Armour: Scale mail        |    30 |       |       ||    30
         Plate armour      |       |    65 |    37 ||   102
  Dodge: Dodged            |    38 |    24 |    10 ||    72
  Block: Buckler           |    17 |    16 |    17 ||    50
